 Dungeon Crawl Stone Soup version 0.20-a0-705-gbe8799e (webtiles) character file.

72 M4edhros the Sneak (level 4, -4/28 HPs)
             Began as an Octopode Artificer on Feb 21, 2017.
             Was a Follower of Fedhas.
             Slain by a worm (12 damage)
             ... on level 2 of the Dungeon.
             The game lasted 00:02:11 (2327 turns).

M4edhros the Sneak (Octopode Artificer)             Turns: 2327, Time: 00:02:12

Health: -4/28      AC:  1    Str: 11    XL:     4   Next: 26%
Magic:  6/6        EV: 13    Int: 13    God:    Fedhas [*.....]
Gold:   59         SH:  0    Dex: 13    Spells: 3/3 levels left

rFire    . . .     SeeInvis .   i - +0 dagger (freeze)
rCold    . . .     Gourm    .   (no shield)
rNeg     . . .     Faith    .   (helmet restricted)
rPois    .         Spirit   .   l - amulet of harm
rElec    .         Reflect  .   (no ring)
rCorr    .         Harm     +   (no ring)
MR       .....                  (no ring)
Stlth    ++++......             (no ring)
Regen    0.1/turn               (no ring)
MPRegen  0.1/turn               (no ring)
                                (no ring)
                                (no ring)

@: no status effects
A: almost no armour, stealthy swim, amphibious, 8 rings, constrict 8, camouflage
1, gelatinous body 1
a: Fungal Bloom, Evolution, Renounce Religion


You were on level 2 of the Dungeon.
You worshipped Fedhas.
Fedhas was aware of your devotion.
You were not hungry.

You visited 2 branches of the dungeon, and saw 5 of its levels.

You collected 59 gold pieces.

Inventory:

Hand Weapons
 a - a +0 short sword
 i - a +0 dagger of freezing (weapon)
Missiles
 k - 101 stones (quivered)
Jewellery
 l - an amulet of harm (around mantle)
 p - an uncursed ring of see invisible {unknown}
Wands
 b - a wand of flame (15/48)
 c - a wand of enslavement (13/24)
 d - a wand of random effects (15/48)
Scrolls
 e - 2 scrolls of fog {unknown}
 g - 3 scrolls of identify {unknown}
 h - a scroll of enchant weapon {unknown}
 j - a scroll of teleportation {unknown}
Potions
 n - a potion of heal wounds {unknown}
Comestibles
 f - 2 bread rations
 m - 2 meat rations


   Skills:
 - Level 1.0 Fighting
 - Level 1.0 Short Blades
 - Level 2.0 Dodging
 + Level 5.7 Stealth
 - Level 3.2 Evocations


You had 3 spell levels left.
You didn't know any spells.

Dungeon Overview and Level Annotations

Branches:
Dungeon (4/15)             Temple (1/1) D:4

Altars:
Ashenzari
Dithmenos
Elyvilon
Fedhas
Kikubaaqudgha
Makhleb
Okawaru
Qazlal
Ru
Trog
Uskayaw
Vehumet
Yredelemnul
Zin
The Shining One


Innate Abilities, Weirdness & Mutations

You cannot wear most types of armour.
You are very stealthy in the water. (Stealth+)
You are amphibious.
You can wear up to eight rings at the same time.
You can use your tentacles to constrict eight enemies at once.
Your skin changes colour to match your surroundings (Stealth+).
Your rubbery body absorbs attacks. (AC +1, EV +1)


Message History

The worm bites you.
You hit the worm. You freeze the worm.
The worm is lightly wounded.
You constrict the worm. You hit the worm but do no damage.
The worm is moderately wounded.
You constrict the worm. The worm bites you.
You hit the worm but do no damage.
The worm is heavily wounded.
You constrict the worm. You hit the worm. You freeze the worm.
The worm is heavily wounded.
You constrict the worm. The worm bites you!
* * * LOW HITPOINT WARNING * * *
You are too injured to fight recklessly!
You hit the worm. You freeze the worm.
The worm is severely wounded.
You constrict the worm. The worm bites you!
You die...
Fedhas appreciates your contribution to the ecosystem.

...........#...........
...........#.....>....#
.................................
<..............#..####...........
...............+.... +...........
...............##..# #...........
................#..###...........
...............w##..##...........
................@................
###...###........................
...# #........................
###.......###.....##.#+####
..........####....##.#
..................##.#
..###............##.# #
####.............#.# E#..
#.....)..........#.#####


You could see a worm.

Vanquished Creatures
  2 adders
  An ooze (D:1)
  2 dart slugs
  A leopard gecko (D:1)
  4 giant cockroaches
  7 goblins
  2 hobgoblins
  2 jackals (D:2)
  5 kobolds
  7 bats
  6 frilled lizards
  5 rats
44 creatures vanquished.

Vanquished Creatures (collateral kills)
  A hobgoblin (D:2)
1 creature vanquished.

Vanquished Creatures (others)
  7 toadstools (D:2)
7 creatures vanquished.

Grand Total: 52 creatures vanquished

Notes
Turn   | Place    | Note
-------+----------+-------------------------------------------
     0 | D:1      | M4edhros the Octopode Artificer began the quest for the Orb.
     0 | D:1      | Reached XP level 1. HP: 13/13 MP: 3/3
    58 | D:1      | Reached skill level 2 in Stealth
   250 | D:1      | Reached skill level 3 in Stealth
   250 | D:1      | Reached XP level 2. HP: 18/18 MP: 4/4
   596 | D:3      | Reached skill level 4 in Stealth
   622 | D:4      | Reached XP level 3. HP: 9/23 MP: 5/5
   775 | D:4      | Found a staircase to the Ecumenical Temple.
   784 | Temple   | Entered the Ecumenical Temple
  1033 | Temple   | Became a worshipper of Fedhas Madash
  1568 | D:1      | Reached skill level 5 in Stealth
  1914 | D:2      | Reached XP level 4. HP: 20/28 MP: 6/6
  1955 | D:2      | Noticed an earth elemental
  2274 | D:2      | Reached * piety under Fedhas
  2327 | D:2      | Slain by a worm

Vault maps used:
D:1:      dpeg_arrival_solitude, minmay_misc_feat_room
D:2:      kennysheep_goblin_castle, nicolae_qazlal_style_of_elements, uniq_iyjb
D:3:      lemuel_doored_altar, minmay_quantized, uniq_terence
D:4:      minmay_temple_entry_glass, first_bread, uniq_pikel
Temple:   regret_index_temple_waves

Skill      XL: |  1  2  3 |
---------------+----------+-----
Stealth        | 3 4 5 |  5.7
Fighting       | |  1.0
Short Blades   | |  1.0
Dodging        | |  2.0
Evocations     | |  3.2

Action                   |  1- 3 |  4- 6 || total
-------------------------+-------+-------++-------
Melee: Short sword       |    22 |       ||    22
       Constrict         |    19 |     5 ||    24
       Dagger            |    56 |    20 ||    76
       Tentacles         |    11 |     2 ||    13
Invok: Fungal Bloom      |       |     4 ||     4
Evoke: Wand              |       |     2 ||     2
  Use: Potion            |     1 |       ||     1
 Stab: Sleeping          |    11 |     2 ||    13
  Eat: Chunk             |     3 |     1 ||     4
Armor: Skin              |     8 |       ||     8
Dodge: Dodged            |    51 |     8 ||    59
